 Dungeon Crawl Stone Soup version 0.26-b1-32-g5d43845318 (webtiles) character file.

Game seed: 15253371705814082780

62522 MTVSty1e the Severer (level 14, -8/133 HPs)
             Began as a Minotaur Gladiator on Jan 11, 2021.
             Was the Champion of Okawaru.
             Mangled by Snorg (12 damage)
             ... on level 12 of the Dungeon.
             The game lasted 00:31:20 (24245 turns).

MTVSty1e the Severer (Minotaur Gladiator)          Turns: 24245, Time: 00:31:26

Health: -8/133     AC: 22    Str: 25    XL:     14   Next: 64%
Magic:  12/13      EV:  8    Int:  5    God:    Okawaru [******]
Gold:   1575       SH: 18    Dex: 13    Spells: 13/13 levels left

rFire    . . .     SeeInvis +   Y - +0 broad axe
rCold    . . .     Faith    .   r - +0 kite shield
rNeg     . . .     Spirit   .   G - +1 plate armour
rPois    +         Reflect  +   P - +0 hat "Deiliw" {Str+2}
rElec    .         Harm     .   s - +1 cloak {Stlth+}
rCorr    .         Rampage  .   i - +0 pair of gloves
Will     +....                  U - +0 pair of boots {Fly}
Stlth    ..........             u - amulet of reflection
HPRegen  0.32/turn              T - ring of poison resistance
MPRegen  0.13/turn              d - ring of see invisible

@: flying, studying Throwing
A: retaliatory headbutt, horns 2
a: Renounce Religion, Heroism, Finesse


You were on level 12 of the Dungeon.
You worshipped Okawaru.
Okawaru was exalted by your worship.
You visited 2 branches of the dungeon, and saw 18 of its levels.

You collected 1575 gold pieces.

Inventory:

Hand Weapons
 n - a +1 war axe of distortion
 z - a +5 mace
 Y - a +0 broad axe (weapon)
Armour
 i - a +0 pair of gloves (worn)
 r - a +0 kite shield (worn)
 s - a +1 cloak of stealth (worn)
 G - a +1 plate armour (worn)
 P - the +0 hat "Deiliw" (worn) {Str+2}
   (Okawaru gifted it to you on level 2 of the Lair of Beasts)

   It affects your strength (+2).
 U - a +0 pair of boots of flying (worn)
 W - a +1 scale mail of poison resistance
Jewellery
 d - a ring of see invisible (right hand)
 k - an uncursed ring of protection from cold
 u - an amulet of reflection (around neck)
 B - an uncursed ring of ice
 O - an uncursed amulet of the acrobat
 R - an uncursed ring of protection from cold
 T - a ring of poison resistance (left hand)
Wands
 w - a wand of acid (18)
 y - a wand of enslavement (12)
 E - a wand of polymorph (18)
 F - a wand of iceblast (15)
 I - a wand of paralysis (17)
 K - a wand of flame (58)
Scrolls
 g - 3 scrolls of amnesia
 j - 2 scrolls of blinking
 o - 3 scrolls of teleportation
 p - 5 scrolls of immolation
 t - 5 scrolls of remove curse
 v - 3 scrolls of magic mapping
 J - 2 scrolls of fog
 L - a scroll of enchant weapon
 Q - 3 scrolls of fear
 V - 2 scrolls of holy word
Potions
 c - 2 potions of heal wounds
 e - 6 potions of haste
 h - 5 potions of curing
 l - a potion of invisibility
 m - 2 potions of mutation
 q - 5 potions of attraction
 x - 5 potions of brilliance
 A - 2 potions of might
 C - 4 potions of flight
 D - 2 potions of cancellation
 H - a potion of resistance
 M - 5 potions of lignification
 S - a potion of berserk rage
 X - a potion of ambrosia
Books
 b - a manual of Throwing


   Skills:
 + Level 14.5 Fighting
 * Level 19.6 Axes
 - Level 2.0 Throwing
 + Level 12.4 Armour
 - Level 3.2 Dodging
 + Level 12.4 Shields


You had 13 spell levels left.
You didn't know any spells.
Your spell library contained the following spells:

 Spells                   Type           Power        Failure   Level
 Corona                   Hex            0%           100%        1
 Freeze                   Ice            0%           100%        1
 Summon Small Mammal      Summ           0%           100%        1
 Call Imp                 Summ           0%           100%        2
 Slow                     Hex            0%           100%        2
 Call Canine Familiar     Summ           0%           100%        3
 Frozen Ramparts          Ice            0%           100%        3
 Ignite Poison            Fire/Tmut/Pois 0%           100%        3
 Inner Flame              Hex/Fire       0%           100%        3
 Ozocubu's Armour         Ice            0%           100%        3
 Portal Projectile        Hex/Tloc       0%           100%        3
 Summon Guardian Golem    Hex/Summ       0%           100%        3
 Cause Fear               Hex            0%           100%        4
 Hailstorm                Conj/Ice       0%           100%        4
 Leda's Liquefaction      Hex/Erth       0%           100%        4
 Summon Ice Beast         Ice/Summ       0%           100%        4
 Summon Lightning Spire   Summ/Air       0%           100%        4
 Bolt of Magma            Conj/Fire/Erth 0%           100%        5
 Fireball                 Conj/Fire      0%           100%        5
 Irradiate                Conj/Tmut      0%           100%        5
 Iskenderun's Battlesphe  Conj           0%           100%        5
 Summon Demon             Summ           0%           100%        5
 Summon Forest            Summ/Tloc      0%           100%        5
 Summon Mana Viper        Hex/Summ       0%           100%        5
 Hydra Form               Tmut           0%           100%        6
 Iron Shot                Conj/Erth      0%           100%        6
 Shadow Creatures         Summ           N/A          100%        6
 Starburst                Conj/Fire      0%           100%        6
 Statue Form              Tmut/Erth      0%           100%        6
 Dragon Form              Tmut           0%           100%        7
 Orb of Destruction       Conj           0%           100%        7
 Spellforged Servitor     Conj/Summ      0%           100%        7
 Summon Hydra             Summ           0%           100%        7
 Ignition                 Fire           0%           100%        8


Dungeon Overview and Level Annotations

Branches:
Dungeon (12/15)            Temple (0/1) D:7            Lair (6/6) D:10
 Shoals (0/4) Lair:3        Snake (0/4) Lair:2        Slime (0/5) Lair:5
    Orc (0/2) D:9

Altars:
Cheibriados
Fedhas
Makhleb
Nemelex Xobeh
Okawaru
Ru
Sif Muna
Trog
Uskayaw
Wu Jian
Xom
Zin

Annotations:
D:12 Snorg


Innate Abilities, Weirdness & Mutations

You reflexively headbutt those who attack you in melee.
You have a pair of horns on your head.


Message History

You are too injured to fight recklessly!
You are too injured to fight recklessly!
You are too injured to fight recklessly!
You are too injured to fight recklessly!
You are too injured to fight recklessly!
You are too injured to fight recklessly!
You are too injured to fight recklessly!
You are too injured to fight recklessly!
You slice Snorg!!
Snorg is moderately wounded.
You block Snorg's attack. Snorg claws you!
* * * LOW HITPOINT WARNING * * *
Snorg closely misses you.
You feel more buoyant. Snorg bites you!!
* * * LOW HITPOINT WARNING * * *
Snorg claws you.
* * * LOW HITPOINT WARNING * * *
Snorg claws you!
You die...

..#. ..? #.. #..
#.. #####..##
.!.....T##
.#####@.### #.
#....(.....## ...
#.#######...###...$
##........
#.#.##.#. #...#..#
####....#
####......##
#....##.#.#####


You could see Snorg (berserk).

Vanquished Creatures
  Kirke (Lair:4)
  6 hydras
  A boulder beetle (D:12)
  A two-headed ogre (D:9)
  Sonja (Lair:2)
  2 unseen horrors (D:11)
  2 oklob plants (Lair:2)
  A manticore (Lair:3)
  An ugly thing (D:11)
  A cyclops (D:11)
  8 black mambas
  4 torpor snails (Lair:1)
  2 centaur skeletons
  A gargoyle (D:11)
  20 elephants
  21 cane toads
  A rime drake (Lair:2)
  9 komodo dragons
  6 polar bears
  2 trolls (D:12)
  6 hornets
  3 slime creatures (Lair:5)
  A wind drake (Lair:3)
  17 blink frogs
  A meliai zombie (D:11)
  2 dream sheep (Lair:6)
  A water elemental (D:11)
  Sigmund (D:3)
  4 wyverns
  13 spriggans
  49 yaks
  4 hogs (Lair:4)
  Eustachio (D:4)
  Grum (D:11)
  13 basilisks
  A steam dragon (D:11)
  Menkaure (D:7)
  3 nagas (Lair:2)
  A soldier ant (D:11)
  An acid dragon (D:11)
  27 water moccasins
  7 orc warriors
  2 sky beasts
  2 necrophages
  2 phantoms
  2 black bears
  An ice beast (D:8)
  4 ogres
  26 wolves
  4 boggarts (Lair:6)
  3 centaurs
  A big kobold (D:4)
  13 bullfrogs
  2 scorpions
  13 wights
  23 killer bees
  2 vampire bats (Lair:2)
  8 howler monkeys
  3 electric eels (D:10)
  3 bullfrog zombies
  3 centaur zombies
  An orc priest (D:9)
  10 hounds
  2 jellies
  11 orc wizards
  Ijyb (D:4)
  3 bullfrog skeletons
  4 iguanas
  13 worker ants
  A killer bee zombie (D:6)
  2 hound zombies
  2 hound skeletons
  6 adders
  11 gnolls
  4 white imps
  5 ufetubi
  2 oozes
  An adder skeleton (D:6)
  2 adder zombies
  5 worms
  3 dart slugs
  8 leopard geckos
  26 orcs
  2 ball pythons
  4 giant cockroaches
  10 goblins
  8 hobgoblins
  16 jackals
  24 kobolds
  6 quokkas
  10 bats
  7 frilled lizards
  A quokka zombie (D:5)
  6 rats
583 creatures vanquished.

Vanquished Creatures (others)
  65 fungi
  95 plants
160 creatures vanquished.

Grand Total: 743 creatures vanquished

Notes
Turn   | Place    | Note
-------+----------+-------------------------------------------
     0 | D:1      | MTVSty1e the Minotaur Gladiator began the quest for the
                  | Orb.
     0 | D:1      | Reached XP level 1. HP: 18/18 MP: 0/0
    89 | D:1      | Reached skill level 4 in Axes
    94 | D:1      | Reached XP level 2. HP: 17/25 MP: 1/1
   608 | D:1      | Reached XP level 3. HP: 31/31 MP: 2/2
  1207 | D:2      | Reached skill level 5 in Axes
  1480 | D:2      | Reached XP level 4. HP: 20/38 MP: 3/3
  2102 | D:2      | Reached skill level 6 in Axes
  2190 | D:2      | Found a sacrificial altar of Ru.
  2200 | D:2      | Reached XP level 5. HP: 41/46 MP: 4/4
  2414 | D:2      | Found a burning altar of Makhleb.
  2878 | D:3      | Noticed Sigmund
  2888 | D:3      | Killed Sigmund
  2889 | D:3      | Reached skill level 5 in Fighting
  2889 | D:3      | Reached skill level 7 in Axes
  2889 | D:3      | Reached XP level 6. HP: 44/56 MP: 5/5
  3623 | D:4      | Reached skill level 8 in Axes
  3962 | D:4      | Noticed Eustachio
  3990 | D:4      | Killed Eustachio
  3991 | D:4      | Reached XP level 7. HP: 50/62 MP: 6/6
  4099 | D:4      | Noticed Ijyb
  4107 | D:4      | Killed Ijyb
  4150 | D:4      | Reached skill level 9 in Axes
  4377 | D:4      | Found an iron altar of Okawaru.
  4377 | D:4      | Found a snail-covered altar of Cheibriados.
  4505 | D:4      | Became a worshipper of Warmaster Okawaru
  4574 | D:5      | Entered Level 5 of the Dungeon
  4896 | D:5      | Reached XP level 8. HP: 67/71 MP: 7/7
  4971 | D:5      | Reached skill level 10 in Axes
  5262 | D:5      | Found a bloodstained altar of Trog.
  5653 | D:5      | Found a sparkling altar of Nemelex Xobeh.
  5918 | D:6      | Reached * piety under Okawaru
  6061 | D:6      | Reached skill level 11 in Axes
  6929 | D:6      | Reached ** piety under Okawaru
  6930 | D:6      | Reached XP level 9. HP: 63/82 MP: 8/8
  7199 | D:6      | Reached skill level 12 in Axes
  7210 | D:6      | Reached skill level 1 in Armour
  7677 | D:7      | Noticed Menkaure
  7681 | D:7      | Killed Menkaure
  7682 | D:7      | Reached skill level 1 in Shields
  7940 | D:7      | Found a staircase to the Ecumenical Temple.
  8618 | D:8      | Reached *** piety under Okawaru
  8931 | D:8      | Reached skill level 13 in Axes
  9242 | D:8      | Found a glowing silver altar of Zin.
  9242 | D:8      | Found a blossoming altar of Fedhas.
  9243 | D:8      | Found a shimmering altar of Xom.
  9243 | D:8      | Found an ornate altar of the Wu Jian Council.
  9244 | D:8      | Found a hide-covered altar of Uskayaw.
  9672 | D:9      | Found a staircase to the Orcish Mines.
  9678 | D:9      | Reached XP level 10. HP: 79/91 MP: 9/9
  9690 | D:9      | Reached **** piety under Okawaru
  9828 | D:9      | Noticed a two-headed ogre
  9961 | D:9      | Killed a two-headed ogre
  9962 | D:9      | Reached skill level 10 in Fighting
  9962 | D:9      | Reached skill level 5 in Armour
  9962 | D:9      | Reached skill level 5 in Shields
 10329 | D:9      | Received a gift from Okawaru
 10609 | D:9      | Found a shimmering blue altar of Sif Muna.
 10726 | D:9      | Reached skill level 14 in Axes
 10832 | D:10     | Entered Level 10 of the Dungeon
 11284 | D:10     | Found a staircase to the Lair.
 11290 | D:10     | Reached XP level 11. HP: 70/101 MP: 10/10
 11292 | D:10     | Reached ***** piety under Okawaru
 12655 | Lair:1   | Entered Level 1 of the Lair of Beasts
 12915 | Lair:1   | Reached skill level 15 in Axes
 12989 | Lair:1   | Found a snail-covered altar of Cheibriados.
 13110 | Lair:1   | Received a gift from Okawaru
 13161 | Lair:1   | Reached ****** piety under Okawaru
 13366 | Lair:1   | Noticed an eight-headed hydra
 13375 | Lair:1   | Killed an eight-headed hydra
 14022 | Lair:2   | Received a gift from Okawaru
 14029 | Lair:2   | Got a pitted hat {god gift}
 14040 | Lair:2   | Identified the +0 hat "Deiliw" {Str+2} (Okawaru gifted it
                  | to you on level 2 of the Lair of Beasts)
 14089 | Lair:2   | Reached XP level 12. HP: 86/111 MP: 11/11
 14225 | Lair:2   | Reached skill level 16 in Axes
 15129 | Lair:2   | Found a staircase to the Snake Pit.
 15298 | Lair:2   | Noticed a five-headed hydra
 15307 | Lair:2   | Killed a five-headed hydra
 15542 | Lair:2   | Noticed Sonja
 15551 | Lair:2   | Killed Sonja
 15973 | Lair:3   | Found a staircase to the Shoals.
 16234 | Lair:3   | Noticed a seven-headed hydra
 16243 | Lair:3   | Killed a seven-headed hydra
 16243 | Lair:3   | Received a gift from Okawaru
 16536 | Lair:3   | Reached skill level 17 in Axes
 16587 | Lair:3   | You fall into a shaft and drop 3 floors!
 16587 | Lair:6   | Entered Level 6 of the Lair of Beasts
 16815 | Lair:6   | Reached skill level 10 in Armour
 16815 | Lair:6   | Reached skill level 10 in Shields
 16878 | Lair:6   | Reached XP level 13. HP: 114/119 MP: 12/12
 18052 | Lair:3   | Received a gift from Okawaru
 18792 | Lair:4   | Noticed Kirke
 18798 | Lair:4   | Reached skill level 18 in Axes
 18809 | Lair:4   | Killed Kirke
 19461 | Lair:5   | Found a staircase to the Slime Pits.
 20501 | Lair:6   | Received a gift from Okawaru
 20543 | Lair:6   | Paralysed by a hornet for 2 turns
 20719 | Lair:6   | Reached XP level 14. HP: 120/130 MP: 13/13
 21382 | Lair:6   | Reached skill level 19 in Axes
 23076 | D:11     | Noticed Grum
 23085 | D:11     | Received a gift from Okawaru
 23090 | D:11     | Killed Grum
 24237 | D:12     | Noticed Snorg
 24245 | D:12     | HP: 4/133 [Snorg (4)]
 24245 | D:12     | Mangled by Snorg

Illustrated notes

Levels and vault maps discovered:
D:1:      onia_arrival_pentagram, layout_basic, minmay_misc_feat_columns
D:2:      layout_basic, makhleb_blood_cavern_becter,
          nicolae_ru_great_annihilating_truth
D:3:      layout_basic, uniq_sigmund
D:4:      kennysheep_kobold_camp, layout_basic,
          gammafunk_temple_overflow_statue, chequers_serial_rivers_large_b,
          uniq_ijyb, uniq_eustachio
D:5:      layout_cave_pods, lemuel_doored_altar, lemuel_coloured_pillars_altar
D:6:      layout_basic, serial_bayou_pond_d, minmay_manual_monstrance
D:7:      layout_gridville, minmay_temple_entry_drinking_statues, uniq_menkaure
D:8:      layout_gridville, grunt_temple_overflow_open, serial_bayou_pond_a
D:9:      layout_gridville, tgw_sif, orc_0_dummy, minivault_22
D:10:     layout_basic, due_lair_maze_entry_diamond, serial_curves,
          eino_curves_02, eino_curves_02, minmay_fountain_box,
          minmay_misc_feat_roman, feat_on_display
D:11:     layout_basic, skrybe_limestone_x, hangedman_decor_diamond_cutter,
          hive_lemuel, uniq_grum
D:12:     layout_rooms, nicolae_trove_entry_crystal, basic_altar, uniq_urug,
          uniq_snorg
Lair:1:   layout_long_grid, special_room, kennysheep_snail_temple
Lair:2:   layout_hall_layers, minmay_snake_entry_guardpost_small,
          roderic_batcave, lemuel_fruit_tree, minmay_lair_oklob_chamber,
          uniq_sonja
Lair:3:   layout_loops_ring, minmay_shoals_entry_beasts
Lair:4:   layout_loops_ring, uniq_kirke
Lair:5:   layout_gridlike, minmay_slime_entry_pillars
Lair:6:   minmay_lair_end_enchanted_forest, layout_gridlike, st_stairs_11

Skill      XL: |  1  2  3  4  5  6  7  8  9 10 11 12 13 14 |
---------------+-------------------------------------------+-----
Axes           | 4 5 6 7 8 9 11 13 14 15 17 18 19 | 19.6
Fighting       | 3 4 5 6 8 9 10 11 12 13 14 | 14.5
Armour         | 4 6 8 10 11 12 | 12.4
Shields        | 4 6 8 10 11 12 | 12.4
Throwing       | |  2.0
Dodging        | |  3.2

Action                   |  1- 3 |  4- 6 |  7- 9 | 10-12 | 13-15 || total
-------------------------+-------+-------+-------+-------+-------++-------
Melee: War axe           |    89 |   134 |   398 |   615 |   700 ||  1936
       Headbutt          |    14 |    24 |    81 |   146 |   205 ||   470
       Mace              |       |       |       |    15 |    25 ||    40
       Broad axe         |       |       |       |       |    66 ||    66
Invok: Heroism           |       |       |       |     4 |     3 ||     7
Evoke: Wand              |       |       |       |    14 |     5 ||    19
  Use: Scroll            |       |       |    19 |     4 |    10 ||    33
       Potion            |       |       |     1 |     6 |     4 ||    11
 Stab: Sleeping          |     1 |     1 |       |       |       ||     2
       Paralysed         |       |     1 |       |     1 |       ||     2
Armor: Leather armour    |    22 |    28 |       |       |       ||    50
       Chain mail        |       |    45 |   122 |       |       ||   167
       Plate armour      |       |       |    92 |   229 |   422 ||   743
Dodge: Dodged            |    49 |    75 |    90 |    95 |   195 ||   504
Block: Kite shield       |       |    27 |   204 |   444 |   671 ||  1346
       Reflection        |       |       |       |    14 |     5 ||    19
